[Event "Titled Tuesday Blitz October 19 2021"]
[White "Lazavik, Denis"]
[Black "Bortnyk, Olexandr"]
[WhiteFideId "13515110"]
[BlackFideId "14120828"]
[WhiteElo "2436"]
[BlackElo "2723"]
[Result "1-0"]
[Round "11"]
[TimeControl "180+1"]
[Date "2021.10.19"]
[WhiteClock "0:00:21"]
[BlackClock "0:00:04"]

1. d4 Nf6 2. c4 d6 3. Nf3 g6 4. g3 Bg7 5. Nc3 O-O 6. Bg2 Bf5 7. Nh4 Bc8 8. O-O e5 9. Nf3 Nbd7 10. e4 c6 11. h3 Qb6 12. Re1 exd4 13. Nxd4 Ng4 14. Nce2 Nge5 15. b3 Nc5 16. Be3 Ned3 17. Rf1 a5 18. a3 Re8 19. Rb1 f5 20. b4 axb4 21. axb4 Nxb4 22. Nc2 Ra4 23. Qxd6 Bf8 24. Qd2 Rd8 25. Qc3 Rd3 26. Qe5 Qa5 27. Nxb4 Rxb4 28. Rxb4 Qxb4 29. Bd4 Ne6 30. Qh8+ Kf7 31. Qxh7+ Bg7 32. Bxg7 Nxg7 33. Nf4 Rd6 34. e5 Re6 35. Nxe6 Bxe6 36. Rd1 Qxc4 37. Qh8 Qc5 38. Qb8 Qb6 39. Rd8 g5 40. Rf8+ Kg6 41. Rf6+ Kh7 42. Qd6 Qb3 43. Qd8 Qb2 44. Qc7 Qa1+ 45. Kh2 Qa2 46. Qxb7 Qxf2 47. Rxe6 f4 48. Qb1+ Kh8 49. Rf6 Qxg3+ 50. Kh1 Qe3 51. Rf8# 1-0


[Site "https://www.chess.com"]

[Event "Titled Tuesday Blitz October 19 2021"]
[White "Maly, Alexey"]
[Black "Sawlin, Leonid"]
[WhiteFideId "14103184"]
[BlackFideId "4689542"]
[WhiteElo "2294"]
[BlackElo "2412"]
[Result "1/2-1/2"]
[Round "11"]
[TimeControl "180+1"]
[Date "2021.10.19"]
[WhiteClock "0:00:15"]
[BlackClock "0:00:38"]

1. d4 e6 2. c4 d5 3. Nf3 Nf6 4. e3 Nbd7 5. Nbd2 a6 6. Bd3 dxc4 7. Nxc4 b5 8. Nce5 c5 9. O-O Bb7 10. a4 c4 11. Be2 Bd6 12. axb5 axb5 13. Rxa8 Qxa8 14. b3 Nd5 15. bxc4 Nc3 16. Qc2 Nxe2+ 17. Qxe2 Bxe5 18. dxe5 Bxf3 19. Qxf3 Qxf3 20. gxf3 bxc4 21. Ba3 Nxe5 22. Rc1 Nxf3+ 23. Kg2 Ne5 24. Bb2 Nd3 25. Rxc4 O-O 26. Bd4 e5 27. Bc3 Rd8 28. f4 exf4 29. exf4 f6 30. Kf3 Rd7 31. h4 Kf7 32. h5 Ke6 33. h6 gxh6 34. Rc6+ Rd6 35. f5+ Ke7 36. Rc7+ Ke8 37. Rxh7 Ne5+ 38. Ke4 Nf7 39. Rg7 Rb6 40. Rg6 Ke7 41. Bd4 Nd6+ 42. Kd5 Rb5+ 43. Kc6 Rxf5 44. Bc5 Kf7 45. Rxh6 Ne4 46. Bd4 Ke6 47. Rh4 Ng5 48. Rh6 Nf3 49. Rxf6+ Rxf6 50. Bxf6 1/2-1/2


[Site "https://www.chess.com"]

[Event "Titled Tuesday Blitz October 19 2021"]
[White "Materia, Marco"]
[Black "Gaehwiler, Gabriel"]
[WhiteFideId "45150451"]
[BlackFideId "1314530"]
[WhiteElo "2601"]
[BlackElo "2320"]
[Result "0-1"]
[Round "11"]
[TimeControl "180+1"]
[Date "2021.10.19"]
[WhiteClock "0:00:04"]
[BlackClock "0:00:53"]

1. d4 Nf6 2. c4 g6 3. Nc3 Bg7 4. Nf3 O-O 5. Bg5 d6 6. e3 c5 7. d5 a6 8. Be2 Nbd7 9. O-O Ne8 10. Qc2 Nc7 11. a4 b6 12. Nd2 Rb8 13. Ra3 Qe8 14. Bh4 f5 15. Rb1 a5 16. Nb5 Na6 17. Nf3 Nb4 18. Qd2 Na6 19. Na7 Bb7 20. Ng5 Nc7 21. Nb5 Nxb5 22. axb5 Bf6 23. f4 Bxg5 24. Bxg5 Nf6 25. Bf3 Qf7 26. Rd1 Rfe8 27. Rd3 Qg7 28. Qc3 Ne4 29. Bxe4 fxe4 30. Qxg7+ Kxg7 31. R3d2 Rbc8 32. g4 Ra8 33. Bh4 Bc8 34. h3 Kf7 35. Kf1 Rg8 36. Bg3 h5 37. Rh2 hxg4 38. hxg4 Bxg4 39. Rdd2 Rh8 40. Rxh8 Rxh8 41. Bh2 Bf3 42. Kg1 Kf6 43. Rc2 Kf5 44. Rf2 Ra8 45. Kf1 a4 46. Ke1 a3 47. bxa3 Rxa3 48. Kd2 Rd3+ 49. Kc2 Rxe3 50. Rd2 Ra3 51. Kb2 Ra4 52. Kb3 Rb4+ 53. Kc3 e3 54. Rd3 Ke4 55. Bg1 Rxc4+ 56. Kxc4 Be2 57. Kc3 Bxd3 58. Bh2 Bxb5 59. Bg3 Kxd5 60. Bh4 e5 61. Kc2 exf4 62. Kd1 Ke4 63. Ke1 f3 64. Bg3 d5 65. Bh4 d4 66. Bg3 d3 67. Kd1 Ba4+ 68. Ke1 d2+ 69. Kf1 Bb5+ 70. Kg1 d1=Q+ 71. Kh2 Qe2+ 72. Kh3 Bd7+ 73. Kh4 Qg2 74. Bf4 Qg4# 0-1


[Site "https://www.chess.com"]

[Event "Titled Tuesday Blitz October 19 2021"]
[White "Matsenko, Andrei"]
[Black "Khusenkhojaev, Muhammad"]
[WhiteFideId "24146501"]
[BlackFideId "14700247"]
[WhiteElo "2179"]
[BlackElo "2190"]
[Result "1-0"]
[Round "11"]
[TimeControl "180+1"]
[Date "2021.10.19"]
[WhiteClock "0:01:00"]
[BlackClock "0:00:01"]

1. Nf3 Nf6 2. b3 g6 3. Bb2 Bg7 4. g3 O-O 5. d4 d5 6. Bg2 Ne4 7. O-O c5 8. e3 Nc6 9. c3 Bf5 10. Nbd2 Rc8 11. Rc1 Qa5 12. a3 cxd4 13. b4 Qb6 14. cxd4 a5 15. Nxe4 dxe4 16. Nd2 axb4 17. axb4 Nxb4 18. Rxc8 Rxc8 19. Nxe4 Nc2 20. Bc1 e5 21. g4 Be6 22. d5 Bd7 23. h3 Nb4 24. Ba3 Qa5 25. Bxb4 Qxb4 26. Qa1 b5 27. Rb1 Qa4 28. d6 f5 29. gxf5 gxf5 30. Qxa4 bxa4 31. Ng3 e4 32. Rb7 Rd8 33. Bf1 a3 34. Bc4+ Kh8 35. Ra7 Bb2 36. Ba2 Bc6 37. Nxf5 Bd7 38. Nh6 Be8 39. Re7 Bg6 40. d7 Bf6 41. Re6 Kg7 42. Ng4 Bb2 43. Rd6 Bf5 44. Nh6 Bxd7 45. Nf7 Be6 46. Nxd8 Bxa2 47. Nc6 Bf7 48. Nb4 Bc3 49. Nc2 a2 50. Ra6 Bb3 51. Ra7+ Kf6 52. Nd4 Bc4 53. Nc2 Bb3 54. Nd4 Bd5 55. Ra6+ 1-0


[Site "https://www.chess.com"]

[Event "Titled Tuesday Blitz October 19 2021"]
[White "Mikhalevski, Victor"]
[Black "Siva Mahadevan"]
[WhiteFideId "2801914"]
[BlackFideId "25043153"]
[WhiteElo "2577"]
[BlackElo "2203"]
[Result "0-1"]
[Round "11"]
[TimeControl "180+1"]
[Date "2021.10.19"]
[WhiteClock "0:01:33"]
[BlackClock "0:01:41"]

1. Nf3 Nf6 2. g3 g6 3. Bg2 Bg7 4. O-O O-O 5. b3 d6 6. d4 e5 7. dxe5 Nfd7 8. Bb2 Nc6 9. c4 dxe5 10. Nc3 e4 11. Nd2 f5 12. Qc1 Nde5 13. Re1 Nd4 14. Nb5 Nxe2+ 15. Rxe2 Nd3 16. Qc2 Nxb2 17. Rf1 Nd3 18. Kh1 c6 19. Nc3 Nb4 20. Qc1 Be6 21. f3 Qd3 22. Ndb1 exf3 23. Bxf3 Qd7 24. a3 Nd3 25. Qe3 Rae8 26. Qxa7 Bd4 27. Qa5 Ra8 28. Qxa8 Rxa8 29. Rd1 Bxc3 30. Nxc3 Qd4 31. Kg2 Bxc4 32. bxc4 Qxc3 33. Re3 Qc2+ 34. Be2 Nc5 35. Re7 Kf8 0-1


[Site "https://www.chess.com"]

[Event "Titled Tuesday Blitz October 19 2021"]
[White "Moroni, Luca Jr"]
[Black "Shkapenko, Pavel"]
[WhiteFideId "865834"]
[BlackFideId "4151933"]
[WhiteElo "2491"]
[BlackElo "2386"]
[Result "1-0"]
[Round "11"]
[TimeControl "180+1"]
[Date "2021.10.19"]
[WhiteClock "0:00:07"]
[BlackClock "0:00:12"]

1. d4 Nf6 2. g4 Nxg4 3. e4 Nf6 4. e5 Nd5 5. c4 Nb6 6. Nc3 d6 7. f4 Bf5 8. Nf3 e6 9. Bd3 Bxd3 10. Qxd3 Nc6 11. Be3 d5 12. c5 Nc4 13. Bc1 f5 14. b3 N4a5 15. Bd2 Be7 16. Ne2 Qd7 17. Rg1 g6 18. Rc1 a6 19. Nc3 b6 20. cxb6 cxb6 21. Na4 Rb8 22. Qxa6 Qb7 23. Qb5 O-O 24. h4 Rfc8 25. h5 Na7 26. Qe2 Rxc1+ 27. Bxc1 Bb4+ 28. Kf2 Kh8 29. hxg6 Rg8 30. Ng5 Rxg6 31. Rh1 h6 32. Qh5 Qg7 33. Nxb6 Kg8 34. Nf3 N7c6 35. Be3 Rg2+ 36. Kf1 Rg3 37. Qe8+ Bf8 38. Qxe6+ Kh8 39. Ke2 Rg2+ 40. Bf2 Qg3 41. Rxh6+ Bxh6 42. Qxh6+ Kg8 43. Qg5+ Qxg5 44. fxg5 Ne7 45. b4 Nac6 46. b5 Nb4 47. a4 Nd3 48. Kxd3 Rxf2 49. Nd2 Rg2 50. a5 Rg3+ 51. Kc2 f4 52. a6 Ra3 53. Nd7 f3 54. Nxf3 Rxf3 55. a7 Ra3 56. b6 Nc6 57. Nf6+ Kf7 58. Nxd5 Nxa7 59. bxa7 Rxa7 60. Kd3 Kg6 61. Ke4 Kxg5 62. Ne3 Rh7 63. Kd5 Rh3 64. Nc4 Kf5 65. Nd6+ Kg6 66. Kc6 Re3 67. Kd7 Rd3 68. e6 Kf6 69. e7 Re3 70. e8=Q Rxe8 71. Nxe8+ Kf5 72. d5 Ke5 73. d6 1-0


[Site "https://www.chess.com"]

[Event "Titled Tuesday Blitz October 19 2021"]
[White "Nagy, Gabor"]
[Black "Yaksin, Oleg"]
[WhiteFideId "737119"]
[BlackFideId "24105880"]
[WhiteElo "2534"]
[BlackElo "2256"]
[Result "1-0"]
[Round "11"]
[TimeControl "180+1"]
[Date "2021.10.19"]
[WhiteClock "0:00:15"]
[BlackClock "0:00:07"]

1. e4 c5 2. Nf3 d6 3. Nc3 Nc6 4. d4 cxd4 5. Nxd4 Nf6 6. Bc4 Qb6 7. Ndb5 a6 8. Be3 Qa5 9. Nd4 e6 10. O-O Be7 11. Bb3 O-O 12. f4 Nxd4 13. Bxd4 e5 14. Be3 Ng4 15. Qf3 Nxe3 16. Qxe3 exf4 17. Rxf4 Bg5 18. Nd5 Be6 19. Raf1 Bxf4 20. Qxf4 Kh8 21. Qxd6 Rac8 22. Kh1 Qc5 23. Qg3 a5 24. a4 b5 25. axb5 Qxb5 26. Qf2 a4 27. Nc3 Qb4 28. Nxa4 Bxb3 29. cxb3 Qxb3 30. Nc3 Rb8 31. Nd5 Qxb2 32. Qg3 Rbe8 33. Re1 Qe5 34. Qf2 f5 35. Nb6 fxe4 36. Qg1 Qc3 37. h3 Rf7 38. Nd5 Qe5 39. Ne3 Ref8 40. Ng4 Qf4 41. Ne3 h6 42. Nd5 Qe5 43. Ne3 Rd7 44. Ng4 Qf4 45. Qc5 Rd3 46. Ne5 Rf6 47. Nxd3 exd3 48. Qd5 Rd6 49. Re8+ Kh7 50. Qg8+ Kg6 51. Re7 Qf1+ 52. Kh2 Qf4+ 53. Kh1 Qf6 54. Re1 d2 55. Rd1 Qe5 56. Qb3 Qe4 57. Qg3+ Kf5 58. Rf1+ Ke6 59. Qxg7 d1=Q 60. Qxh6+ Kd7 61. Qg7+ Kc6 62. Qc3+ Kd7 63. Qg7+ Qe7 64. Qg4+ Qe6 65. Rxd1 Rxd1+ 66. Qxd1+ Ke7 67. Qf1 Qe5 68. Qf3 Ke6 69. Qf2 Qa1+ 70. Kh2 Qe5+ 71. Qg3 Qa1 72. Qg4+ Kf6 73. h4 Kf7 74. Kh3 Qc3+ 75. Qf3+ Qxf3+ 76. gxf3 Kg6 77. Kg4 1-0


[Site "https://www.chess.com"]

[Event "Titled Tuesday Blitz October 19 2021"]
[White "Nakamura, Hikaru"]
[Black "Yilmaz, Mustafa"]
[WhiteFideId "2016192"]
[BlackFideId "6302718"]
[WhiteElo "2884"]
[BlackElo "2518"]
[Result "1-0"]
[Round "11"]
[TimeControl "180+1"]
[Date "2021.10.19"]
[WhiteClock "0:00:14"]
[BlackClock "0:00:04"]

1. Nf3 d5 2. e3 Nf6 3. c4 e6 4. b3 b6 5. Bb2 Bb7 6. cxd5 exd5 7. d4 Bd6 8. Nc3 Nbd7 9. Rc1 a6 10. g3 Qe7 11. Bg2 O-O-O 12. O-O h5 13. h4 Ne4 14. Qc2 Kb8 15. Nxe4 dxe4 16. Ng5 Rhe8 17. Qe2 g6 18. d5 Nc5 19. Rfd1 Nd3 20. Rc4 Bxd5 21. Rxe4 Bxe4 22. Nxe4 Nxb2 23. Qxa6 c6 24. Qxb6+ Qb7 25. Qxb7+ Kxb7 26. Nxd6+ Kb8 27. Rd4 c5 28. Rd5 Re6 29. Nxf7 Rxd5 30. Bxd5 Ra6 31. a4 Kc7 32. e4 c4 33. bxc4 Rxa4 34. Ne5 Kd6 35. Nxg6 Nd3 36. Nf4 Ra1+ 37. Kg2 Ne1+ 38. Kh3 Nf3 39. Nxh5 Ke5 40. Nf4 Ra2 41. Kg4 Nh2+ 42. Kg5 Nf3+ 43. Kg6 Kd6 44. c5+ Kxc5 45. Bxa2 1-0


[Site "https://www.chess.com"]

[Event "Titled Tuesday Blitz October 19 2021"]
[White "Obregon, Andres Carlos"]
[Black "Seul, Georg"]
[WhiteFideId "111724"]
[BlackFideId "4601653"]
[WhiteElo "2572"]
[BlackElo "2332"]
[Result "1-0"]
[Round "11"]
[TimeControl "180+1"]
[Date "2021.10.19"]
[WhiteClock "0:01:01"]
[BlackClock "0:00:56"]

1. d4 Nf6 2. Bf4 e6 3. e3 Be7 4. Nf3 b6 5. Bd3 Bb7 6. Nbd2 d6 7. h3 Nbd7 8. Qe2 a6 9. O-O O-O 10. Bh2 Re8 11. e4 Nf8 12. e5 Nd5 13. c4 Nb4 14. Bb1 c5 15. dxc5 bxc5 16. Ne4 d5 17. Rd1 dxe4 18. Rxd8 exf3 19. Rxa8 fxe2 20. Bxh7+ Kxh7 21. Rxe8 Nd3 22. Rxe7 Be4 23. Rxf7 Ng6 24. f3 Bc6 25. Rc7 Be8 26. Bg3 1-0


[Site "https://www.chess.com"]

[Event "Titled Tuesday Blitz October 19 2021"]
[White "Ozen, Bahadir"]
[Black "Indjic, Aleksandar"]
[WhiteFideId "6337058"]
[BlackFideId "911925"]
[WhiteElo "2503"]
[BlackElo "2643"]
[Result "1-0"]
[Round "11"]
[TimeControl "180+1"]
[Date "2021.10.19"]
[WhiteClock "0:00:59"]
[BlackClock "0:00:19"]

1. d4 Nf6 2. Nf3 c5 3. d5 g6 4. Nc3 Bg7 5. e4 O-O 6. e5 Ne8 7. h4 d6 8. e6 fxe6 9. h5 exd5 10. hxg6 d4 11. Nd5 e6 12. Bg5 Nf6 13. gxh7+ Kh8 14. Nf4 Qe8 15. Bd3 Nc6 16. Ng6+ Qxg6 17. Bxg6 e5 18. Nh4 Ne7 19. Qe2 Be6 20. Bd3 b5 21. Ng6+ Nxg6 22. Bxg6 c4 23. O-O Bg4 24. f3 Bd7 25. f4 Bg4 26. Qe1 Nd5 27. Qh4 Ne3 28. Bh6 Bxh6 29. Qxh6 e4 30. f5 Nxf1 31. Rxf1 Rf6 32. Qg5 1-0


[Site "https://www.chess.com"]

[Event "Titled Tuesday Blitz October 19 2021"]
[White "Salimova, Nurgyul"]
[Black "Korchmar, Vasiliy"]
[WhiteFideId "2915138"]
[BlackFideId "24131750"]
[WhiteElo "2071"]
[BlackElo "2370"]
[Result "0-1"]
[Round "11"]
[TimeControl "180+1"]
[Date "2021.10.19"]
[WhiteClock "0:00:07"]
[BlackClock "0:00:22"]

1. e4 c5 2. Nf3 d6 3. d4 cxd4 4. Nxd4 Nf6 5. Nc3 Nc6 6. Bg5 e6 7. Qd2 a6 8. O-O-O h6 9. Nxc6 bxc6 10. Bf4 d5 11. Qe3 Bb4 12. a3 Ba5 13. e5 Nd7 14. h4 O-O 15. Rh3 f6 16. exf6 Qxf6 17. Bd6 Re8 18. f4 e5 19. fxe5 Nxe5 20. Qc5 Bxh3 21. gxh3 Bxc3 22. bxc3 Qf4+ 23. Kb1 Qf3 24. Rc1 Nc4 25. Bxc4 dxc4 26. Rg1 Qd5 27. Qb4 a5 28. Qb7 Qf7 29. Qxc6 Rac8 30. Qg2 Re6 31. Bf4 Rce8 32. Ka2 Re2 33. Qg3 Rxc2+ 34. Ka1 Ree2 35. Bc1 Ra2+ 36. Kb1 Qb7+ 0-1


[Site "https://www.chess.com"]

[Event "Titled Tuesday Blitz October 19 2021"]
[White "Sanal, Vahap"]
[Black "Jobava, Baadur"]
[WhiteFideId "6300545"]
[BlackFideId "13601520"]
[WhiteElo "2492"]
[BlackElo "2731"]
[Result "1-0"]
[Round "11"]
[TimeControl "180+1"]
[Date "2021.10.19"]
[WhiteClock "0:01:08"]
[BlackClock "0:00:35"]

1. e4 e6 2. d4 d5 3. Nc3 dxe4 4. Nxe4 Bd7 5. c4 Bc6 6. Nc3 Nf6 7. Nf3 Bxf3 8. Qxf3 Nc6 9. Be3 Bb4 10. O-O-O Bxc3 11. bxc3 Qe7 12. Kb2 O-O-O 13. Rb1 e5 14. d5 Na5 15. Ka1 Nd7 16. g3 e4 17. Qd1 Nb6 18. Qd4 f5 19. Be2 Nc6 20. Qd1 Ne5 21. Qb3 Ned7 22. Qb5 a6 23. Qa5 Ne5 24. c5 Nxd5 25. Rxb7 Nxe3 26. fxe3 Kd7 27. Qxc7+ 1-0


[Site "https://www.chess.com"]

[Event "Titled Tuesday Blitz October 19 2021"]
[White "Sethuraman, S.P."]
[Black "Le, Tuan Minh"]
[WhiteFideId "5021596"]
[BlackFideId "12401153"]
[WhiteElo "2477"]
[BlackElo "2450"]
[Result "0-1"]
[Round "11"]
[TimeControl "180+1"]
[Date "2021.10.19"]
[WhiteClock "0:00:07"]
[BlackClock "0:00:13"]

1. d4 Nf6 2. c4 Nc6 3. Nf3 e6 4. g3 Bb4+ 5. Bd2 Qe7 6. Bg2 O-O 7. Nc3 d6 8. O-O Re8 9. Qc2 Bxc3 10. Bxc3 e5 11. d5 Nb8 12. b4 Bg4 13. Rfe1 Nbd7 14. Nd2 e4 15. Bd4 h5 16. Qc3 Bf5 17. h3 Bg6 18. Qe3 Ne5 19. Rac1 b6 20. Qf4 a5 21. a3 axb4 22. axb4 Ned7 23. Ra1 b5 24. Qg5 bxc4 25. Nxc4 Rab8 26. Na5 Rb5 27. Nc6 Qf8 28. Ra5 Rb7 29. Rc1 Nh7 30. Qd2 Nhf6 31. Qa2 Nb6 32. Bxf6 gxf6 33. e3 h4 34. gxh4 Qh6 35. Ra7 Rxa7 36. Qxa7 Nxd5 37. Qd4 Qh5 38. Kh1 Kg7 39. Ra1 Ne7 40. Na5 Nf5 41. Qd2 Nxh4 42. Rg1 Nf3 43. Bxf3 Qxh3# 0-1


[Site "https://www.chess.com"]

[Event "Titled Tuesday Blitz October 19 2021"]
[White "Shtembuliak, Evgeny"]
[Black "Williams, Simon K"]
[WhiteFideId "14113325"]
[BlackFideId "404454"]
[WhiteElo "2504"]
[BlackElo "2468"]
[Result "1-0"]
[Round "11"]
[TimeControl "180+1"]
[Date "2021.10.19"]
[WhiteClock "0:00:09"]
[BlackClock "0:00:04"]

1. e4 d6 2. d4 Nf6 3. Nc3 Nbd7 4. f4 e5 5. Nf3 exd4 6. Qxd4 c6 7. e5 dxe5 8. fxe5 Bc5 9. Qf4 Qe7 10. Bd2 Bd6 11. O-O-O Nxe5 12. Re1 Nfd7 13. Qg3 O-O 14. Bf4 f6 15. Bc4+ Kh8 16. h4 b5 17. Bb3 a5 18. a4 bxa4 19. Nxa4 Rb8 20. Kb1 Rb4 21. h5 Qd8 22. Nh4 Rxb3 23. Qxb3 h6 24. Ng6+ Nxg6 25. Bxd6 Nge5 26. Bxf8 Qxf8 27. Nc3 Nc5 28. Qb8 a4 29. Rd1 a3 30. Qc7 Ncd3 31. cxd3 Qb4 32. Rd2 Be6 33. Qd8+ Kh7 34. Qe8 Bf7 35. Qc8 1-0


[Site "https://www.chess.com"]

[Event "Titled Tuesday Blitz October 19 2021"]
[White "Svane, Rasmus"]
[Black "Nigmatov, Ortik"]
[WhiteFideId "4657101"]
[BlackFideId "14202131"]
[WhiteElo "2643"]
[BlackElo "2346"]
[Result "0-1"]
[Round "11"]
[TimeControl "180+1"]
[Date "2021.10.19"]
[WhiteClock "0:00:02"]
[BlackClock "0:00:18"]

1. d4 Nf6 2. Nf3 g6 3. Nc3 d5 4. Bf4 Bg7 5. Nb5 Na6 6. e3 c6 7. Nc3 O-O 8. Bxa6 bxa6 9. Ne5 Qb6 10. b3 Nh5 11. O-O Nxf4 12. exf4 Qc7 13. Re1 Bf5 14. Na4 Rfe8 15. Nc5 a5 16. Qd2 Bh6 17. g4 Bc8 18. g5 Bg7 19. Nf3 Bg4 20. Kg2 Qc8 21. Re3 Qf5 22. Rd3 h6 23. Nh4 Qc8 24. Rg3 hxg5 25. Re1 gxh4 26. Rc3 Qf5 27. h3 Bh5 28. Qe3 Rad8 29. Nd3 Rd6 30. Ne5 Bh6 31. Nxc6 Bxf4 32. Nxe7+ Rxe7 33. Qxe7 Rf6 34. Qd8+ Kg7 35. Re8 Bd6 36. Rg8+ Kh6 37. Rh8+ Kg5 38. f3 Bxf3+ 39. Kg1 Bh5 40. Rxh5+ Kxh5 41. Qxf6 Qxf6 0-1


[Site "https://www.chess.com"]

[Event "Titled Tuesday Blitz October 19 2021"]
[White "Svidler, Peter"]
[Black "Savchenko, Boris"]
[WhiteFideId "4102142"]
[BlackFideId "4147332"]
[WhiteElo "2709"]
[BlackElo "2526"]
[Result "0-1"]
[Round "11"]
[TimeControl "180+1"]
[Date "2021.10.19"]
[WhiteClock "0:00:05"]
[BlackClock "0:00:08"]

1. Nf3 c5 2. g4 d5 3. h3 Nc6 4. Bg2 h5 5. g5 e5 6. d3 Nge7 7. Nbd2 Ng6 8. e3 Be7 9. c4 d4 10. exd4 Nf4 11. Bf1 cxd4 12. Ne4 Bf5 13. Bxf4 exf4 14. Qb3 Qa5+ 15. Kd1 O-O-O 16. Qb5 Qxb5 17. cxb5 Nb4 18. a3 Nd5 19. Rc1+ Kb8 20. h4 Nc7 21. Bh3 Bxe4 22. dxe4 f6 23. gxf6 gxf6 24. Rg1 Rhg8 25. Rxg8 Rxg8 26. a4 d3 27. Kd2 Rd8 28. Rc4 a5 29. Rd4 Rg8 30. Rd7 Bc5 31. Kxd3 Bxf2 32. Ke2 Bb6 33. Rd6 Bc5 34. Rxf6 Rg3 35. Bd7 Rg2+ 36. Kd3 Rxb2 37. Rxf4 Rb4 38. Rf5 Bb6 39. Rxh5 Rb3+ 40. Ke2 Re3+ 41. Kf2 Rd3+ 42. Kg3 Rxd7 43. Rh6 Be3 44. Rg6 Rh7 45. Kg4 Kc8 46. h5 Kd8 47. Nh4 Ne8 48. Nf5 Bd2 49. e5 Bc3 50. h6 Bxe5 51. Kg5 Bc3 52. Rg8 Kd7 53. Kg6 Rh8 54. h7 Nd6 55. Nh6 Nc4 56. Nf7 Ne5+ 57. Nxe5+ Bxe5 58. Kh6 Ke6 59. Kg6 Bf6 60. Kh6 Kf7 61. Rg2 b6 62. Rc2 Bg7+ 63. Kg5 Bf6+ 64. Kf5 Rxh7 65. Rc7+ Be7 66. Rb7 Rh6 0-1


[Site "https://www.chess.com"]

[Event "Titled Tuesday Blitz October 19 2021"]
[White "Tregubov, Pavel V."]
[Black "Timofeev, Artyom"]
[WhiteFideId "4115341"]
[BlackFideId "4140419"]
[WhiteElo "2423"]
[BlackElo "2591"]
[Result "1-0"]
[Round "11"]
[TimeControl "180+1"]
[Date "2021.10.19"]
[WhiteClock "0:01:54"]
[BlackClock "0:01:18"]

1. e4 e6 2. d4 d5 3. exd5 exd5 4. Nf3 Nf6 5. Bd3 Be7 6. O-O O-O 7. h3 Nbd7 8. Re1 Re8 9. Bf4 Nf8 10. Nbd2 Ne6 11. Be5 b6 12. c3 c5 13. Qc2 h6 14. Rad1 Bb7 15. Bb5 Rf8 16. Qf5 g6 17. Qc2 c4 18. Ba4 a6 19. Bxf6 Bxf6 20. Rxe6 fxe6 21. Qxg6+ Bg7 22. Bc2 Rf6 23. Qh7+ Kf8 24. Ne5 Rc8 25. Ndf3 Bc6 26. Ng6+ Rxg6 27. Bxg6 Qf6 28. Re1 b5 29. Ne5 a5 30. Re3 1-0


[Site "https://www.chess.com"]

[Event "Titled Tuesday Blitz October 19 2021"]
[White "Tristan, Leonardo"]
[Black "Durarbayli, Vasif"]
[WhiteFideId "113816"]
[BlackFideId "13402935"]
[WhiteElo "2404"]
[BlackElo "2522"]
[Result "0-1"]
[Round "11"]
[TimeControl "180+1"]
[Date "2021.10.19"]
[WhiteClock "0:00:02"]
[BlackClock "0:00:21"]

1. d4 Nf6 2. Nf3 b6 3. Bf4 Bb7 4. e3 g6 5. Be2 Bg7 6. O-O O-O 7. Nbd2 d6 8. h3 Nbd7 9. Bh2 c5 10. c3 a6 11. a4 Rc8 12. Bd3 Rc7 13. Qe2 Qa8 14. e4 cxd4 15. cxd4 Rfc8 16. e5 Ne8 17. e6 Nf8 18. exf7+ Kxf7 19. Ne4 Kg8 20. Rfe1 Nf6 21. Neg5 Bd5 22. Bxa6 Rc2 23. Qb5 Bc4 24. Bxc8 Bxb5 25. Be6+ Nxe6 26. Nxe6 Bc6 27. Nxg7 Bxf3 28. gxf3 Qxf3 29. Bg3 Kxg7 30. Rxe7+ Kh6 31. Rae1 Nd5 32. R7e4 Rxb2 33. Rh4+ Kg7 34. Rg4 Re2 0-1


[Site "https://www.chess.com"]

[Event "Titled Tuesday Blitz October 19 2021"]
[White "Vallejo Diaz, Javier"]
[Black "Wagner, Dennis"]
[WhiteFideId "2256398"]
[BlackFideId "24650684"]
[WhiteElo "2674"]
[BlackElo "2355"]
[Result "0-1"]
[Round "11"]
[TimeControl "180+1"]
[Date "2021.10.19"]
[WhiteClock "0:00:07"]
[BlackClock "0:00:06"]

1. e4 e5 2. Nf3 Nc6 3. Bb5 a6 4. Ba4 Nf6 5. d3 d6 6. c3 g6 7. h3 Bg7 8. O-O O-O 9. Nbd2 Re8 10. Re1 h6 11. d4 Bd7 12. d5 Ne7 13. Bxd7 Nxd7 14. Nh2 c6 15. c4 f5 16. f3 b5 17. dxc6 Nxc6 18. cxb5 axb5 19. Qb3+ Kh7 20. Qxb5 Nd4 21. Qd3 Nc5 22. Qb1 Qd7 23. b3 d5 24. Bb2 dxe4 25. fxe4 Nc6 26. Nhf3 Nd3 27. Rd1 Red8 28. Bc3 Qa7+ 29. Kh2 Qc5 30. Nc4 fxe4 31. Nfd2 Qf2 32. Rf1 Qh4 33. Ne3 Ra7 34. Ndc4 Nd4 35. Qd1 Nf4 36. Qg4 Qe7 37. Bxd4 exd4 38. Qxf4 dxe3 39. Qxe3 Rd3 40. Qe2 Rad7 41. Rae1 e3 42. Rf3 Bc3 43. Rxe3 Rxe3 44. Qxe3 Bxe1 45. Qf3 Bb4 46. a3 Bd6+ 47. Nxd6 Qxd6+ 48. Kg1 Qxa3 0-1


[Site "https://www.chess.com"]

[Event "Titled Tuesday Blitz October 19 2021"]
[White "Weetik, Vjacheslav"]
[Black "Padmini, Rout"]
[WhiteFideId "4153472"]
[BlackFideId "5029295"]
[WhiteElo "2469"]
[BlackElo "2196"]
[Result "1-0"]
[Round "11"]
[TimeControl "180+1"]
[Date "2021.10.19"]
[WhiteClock "0:00:04"]
[BlackClock "0:00:04"]

1. d4 Nf6 2. Bf4 d5 3. e3 c5 4. c3 e6 5. Nd2 Nc6 6. Bd3 Bd6 7. Bxd6 Qxd6 8. f4 b6 9. Ngf3 Bb7 10. O-O cxd4 11. exd4 Qxf4 12. Qe2 Qc7 13. Ne5 O-O-O 14. Ndf3 Ne4 15. a4 f6 16. Nxc6 Qxc6 17. a5 Kc7 18. c4 dxc4 19. Rfc1 b5 20. Bxc4 bxc4 21. Rxc4 Kb8 22. Rxc6 Bxc6 23. a6 Rc8 24. Rc1 Bd5 25. Qb5+ Ka8 26. Rxc8+ Rxc8 27. h3 Nd6 28. Qd7 Rc6 29. Qd8+ Nc8 30. b4 Kb8 31. Ne1 Bc4 32. Qf8 Rc7 33. b5 Rd7 34. Qb4 Nb6 35. Nc2 Rd5 36. Ne3 Rxd4 37. Qf8+ Nc8 38. Qxg7 Nd6 39. Qxf6 Re4 40. Qf8+ Kc7 41. Qe7+ 1-0


[Site "https://www.chess.com"]

[Event "Titled Tuesday Blitz October 19 2021"]
[White "Weichhold, Pawel"]
[Black "Shipov, Sergei"]
[WhiteFideId "1139703"]
[BlackFideId "4113624"]
[WhiteElo "2309"]
[BlackElo "2790"]
[Result "1/2-1/2"]
[Round "11"]
[TimeControl "180+1"]
[Date "2021.10.19"]
[WhiteClock "0:00:08"]
[BlackClock "0:01:13"]

1. e4 e6 2. d4 d5 3. Bd3 dxe4 4. Bxe4 Nf6 5. Bf3 c5 6. Ne2 Nc6 7. Be3 cxd4 8. Nxd4 Ne5 9. Nc3 a6 10. Qe2 Nxf3+ 11. Qxf3 e5 12. O-O-O Bg4 13. Qxb7 Bxd1 14. Qc6+ Nd7 15. Rxd1 Rc8 16. Qe4 Rxc3 17. bxc3 Ba3+ 18. Kb1 O-O 19. Nb3 Qc7 20. Qa4 Nc5 21. Qxa3 Ne4 22. Nc5 Rb8+ 23. Ka1 Nxc5 24. Qxc5 Qb7 25. Qb6 Qc8 26. Qc5 Qb7 27. Qb6 Qc8 28. Qc5 Qb7 1/2-1/2


[Site "https://www.chess.com"]

[Event "Titled Tuesday Blitz October 19 2021"]
[White "Zhigalko, Sergei"]
[Black "Ibarra Jerez, Jose Carlos"]
[WhiteFideId "13502956"]
[BlackFideId "2226332"]
[WhiteElo "2662"]
[BlackElo "2626"]
[Result "1/2-1/2"]
[Round "11"]
[TimeControl "180+1"]
[Date "2021.10.19"]
[WhiteClock "0:00:05"]
[BlackClock "0:00:17"]

1. e4 Nc6 2. Nf3 d6 3. d4 Nf6 4. Nc3 g6 5. d5 Nb8 6. h3 Bg7 7. Bc4 O-O 8. O-O e5 9. dxe6 Bxe6 10. Bxe6 fxe6 11. e5 dxe5 12. Nxe5 Qxd1 13. Rxd1 Nd5 14. Nf3 Nxc3 15. bxc3 Nc6 16. Rb1 b6 17. c4 Rad8 18. Bg5 Rxd1+ 19. Rxd1 h6 20. Bc1 Rd8 21. Rxd8+ Nxd8 22. Bf4 c5 23. Kf1 Nc6 24. Bd2 e5 25. Be1 Kf7 26. Ke2 e4 27. Nd2 Nb4 28. Nxe4 Nxc2 29. Bd2 Ke6 30. Kd3 Nd4 31. f4 h5 32. g4 hxg4 33. hxg4 Nc6 34. a3 a6 35. Ng5+ Kd6 36. Nf3 Bf6 37. g5 Bg7 38. Nh4 Ne7 39. a4 Kc6 40. Bc3 Bxc3 41. Kxc3 b5 42. cxb5+ axb5 43. axb5+ Kxb5 44. Nf3 Nd5+ 45. Kd3 Nxf4+ 46. Ke4 Ne6 47. Ke5 Nf8 48. Kf6 Nh7+ 49. Kxg6 Nxg5 50. Kxg5 c4 51. Kf4 c3 52. Ke3 c2 53. Nd4+ Kc4 54. Nxc2 1/2-1/2


[Site "https://www.chess.com"]